 Dungeon Crawl Stone Soup version 0.29.1-2-gbd0b4ee654 (webtiles) character file.

Game seed: 11448971830131055234

400 qeuew the Trooper (level 6, -3/48 HPs)
             Began as a Demonspawn Fighter on Nov 9, 2022.
             Was a Follower of Okawaru.
             Slain by Menkaure (17 damage)
             ... on level 4 of the Dungeon.
             The game lasted 00:06:38 (3910 turns).

qeuew the Trooper (Demonspawn Fighter)              Turns: 3910, Time: 00:06:39

Health: -3/48      AC:  7    Str: 16    XL:     6   Next: 54%
Magic:  6/6        EV: 10    Int: 10    God:    Okawaru [*.....]
Gold:   158        SH:  6    Dex: 20    Spells: 5/5 levels left

rFire   . . .      SeeInvis .   a - +1 war axe
rCold   . . .      Faith    .   c - +0 buckler
rNeg    . . .      Spirit   .   b - +0 scale mail
rPois   .          Reflect  .   (no helmet)
rElec   .          Harm     .   (no cloak)
rCorr   .          Rampage  .   (no gloves)
Will    .....                   (no boots)
Stlth   ..........              (no amulet)
HPRegen 0.16/turn               f - +6 ring of dexterity
MPRegen 0.20/turn               (no ring)

@: no status effects
A: ignite blood 1, magic regeneration, demonic touch 1
a: Renounce Religion, Heroism


You were on level 4 of the Dungeon.
You worshipped Okawaru.
Okawaru was aware of your devotion.
You visited 1 branch of the dungeon, and saw 4 of its levels.

You collected 188 gold pieces.
You spent 30 gold pieces at shops.

Inventory:

Hand Weapons
 a - a +1 war axe (weapon)
Armour
 b - a +0 scale mail (worn)
 c - a +0 buckler (worn)
Jewellery
 f - a +6 ring of dexterity (left hand)
 k - a ring of resist corrosion
Wands
 e - a wand of light (3)
Scrolls
 g - a scroll of teleportation
 h - a scroll of identify
 m - a scroll of enchant weapon
Potions
 d - a potion of might
 i - a potion of curing
 j - 3 potions of ambrosia
 l - a potion of heal wounds


   Skills:
 + Level 4.2 Fighting
 + Level 3.2 Axes
 + Level 3.8 Armour
 + Level 2.4 Dodging
 + Level 3.8 Shields


You had 5 spell levels left.
You didn't know any spells.
Your spell library contained the following spells:

 Spells                   Type           Power      Damage    Failure   Level
 Foxfire                  Conj/Fire      0%         2x1d4     86%         1
 Static Discharge         Conj/Air       0%         3-3/arc   95%         2
 Conjure Flame            Conj/Fire      0%         6-21      99%         3
 Inner Flame              Hex/Fire       0%         N/A       99%         3
 Dispel Undead            Necr           0%         3d6       100%        4
 Flame Wave               Conj/Fire      0%         2d4       100%        4
 Sticky Flame             Conj/Fire      0%         2d3       100%        4


Dungeon Overview and Level Annotations

Branches:
Dungeon (4/15)
 Temple: D:4-7

Altars:
Fedhas
Kikubaaqudgha
Okawaru

Shops:
D:2 *!

Annotations:
D:2 1 runed translucent door, Crazy Yiuf
D:4 Menkaure


Innate Abilities, Weirdness & Mutations

Your demonic aura sometimes causes spilled blood to erupt in flames.
You regenerate magic rapidly.
Your touch may inflict minor irresistible damage on your foes.


Message History

The ufetubus is heavily wounded.
The ufetubus hits you but does no damage.
The ufetubus closely misses you.
The ufetubus hits you but does no damage.
The ufetubus misses you.
You hit the ufetubus but do no damage.
The ufetubus is heavily wounded.
The ufetubus hits you but does no damage. x2
The ufetubus hits you. The ufetubus barely misses you.
You closely miss the ufetubus.
The ufetubus is heavily wounded.
You block the ufetubus's attack.
The ufetubus hits you but does no damage.
The ufetubus closely misses you. x2
You slash the ufetubus!
You kill the ufetubus!
Okawaru accepts your kill.
No target in view!
No target in view!
Menkaure is nearby!
Menkaure is nearby!
Menkaure is nearby!
Menkaure shouts!
You hit Menkaure but do no damage. Menkaure hits you!
You completely miss Menkaure.
Menkaure casts a spell.
Menkaure seems to speed up.
Menkaure points at you and mumbles some strange words.
Pain shoots through your body!
* * * LOW HITPOINT WARNING * * *
You hit Menkaure.
Menkaure is lightly damaged.
Menkaure closely misses you.
You hit Menkaure.
Menkaure is lightly damaged.
Menkaure hits you but does no damage. Menkaure closely misses you.
You closely miss Menkaure.
Menkaure is lightly damaged.
Menkaure hits you!
You die...

##.#..#............†....>...
##....###...#.###..)........
##.#....###........##...|...
...###.....##...##.##.......
#..# ####...........#.......
...# #...........).........
#.## #..#.......)...........
#..# #..........<....##....
##.# ####......M@...†......
.. #.###.#.#.....###.# ###..
#. ...........#
..####......#.##.#.......
#.......##..#.##.#........
.........## # #.#<###....
######....... #.#.# ....
#.........#...# ...
#............?#


You could see Menkaure (fast).

Vanquished Creatures
  Duvessa (D:4)
  Dowan (D:4)
  The ghost of hilljack the Digger, a weakling GrEE (D:3)
  2 hounds (D:3)
  Terence (D:3)
  Robin (D:4)
  5 adders
  An ufetubus (D:4)
  3 worms
  2 dart slugs
  An orc (D:3)
  9 endoplasms
  5 giant cockroaches
  15 goblins
  15 hobgoblins
  7 jackals
  2 quokkas
  4 ball pythons
  3 bats (D:3)
  3 frilled lizards
  7 kobolds
  3 rats (D:3)
92 creatures vanquished.

Vanquished Creatures (others)
  A plant (D:3)
1 creature vanquished.

Grand Total: 93 creatures vanquished

Notes
Turn   | Place    | Note
-------+----------+-------------------------------------------
     0 | D:1      | qeuew the Demonspawn Fighter began the quest for the Orb.
     0 | D:1      | Reached XP level 1. HP: 18/18 MP: 1/1
     2 | D:1      | Noticed a merfolk zombie
   288 | D:1      | Gained mutation: Your touch may inflict minor irresistible
                  | damage on your foes. [demonic ancestry]
   288 | D:1      | Reached XP level 2. HP: 15/24 MP: 2/2
   434 | D:1      | Found a faded altar of an unknown god.
   803 | D:1      | Gained mutation: You regenerate magic rapidly. [demonic
                  | ancestry]
   803 | D:1      | Reached XP level 3. HP: 29/29 MP: 3/3
   952 | D:1      | Reached skill level 1 in Dodging
  1204 | D:2      | Found Iblid's Distillery.
  1211 | D:2      | Found Bits's Assorted Antiques.
  1222 | D:2      | Bought a potion of curing for 30 gold pieces
  1907 | D:2      | Found a runed translucent door.
  1908 | D:2      | Noticed Crazy Yiuf
  2007 | D:2      | Gained mutation: Your demonic aura sometimes causes spilled
                  | blood to erupt in flames. [demonic ancestry]
  2007 | D:2      | Reached XP level 4. HP: 35/35 MP: 4/4
  2226 | D:3      | Noticed hilljack's ghost (weakling GrEE)
  2239 | D:3      | Found a runed translucent gate.
  2239 | D:3      | Found a runed translucent gate.
  2239 | D:3      | Found a runed translucent gate.
  2311 | D:3      | Noticed Terence
  2315 | D:3      | Killed Terence
  2579 | D:3      | Found an ancient bone altar of Kikubaaqudgha.
  2579 | D:3      | Found a blossoming altar of Fedhas.
  2621 | D:3      | Found an iron altar of Okawaru.
  2637 | D:3      | Became a worshipper of Warmaster Okawaru
  2894 | D:3      | Reached XP level 5. HP: 29/42 MP: 5/5
  2910 | D:3      | Killed hilljack's ghost
  3372 | D:4      | Noticed Robin
  3383 | D:4      | Killed Robin
  3452 | D:4      | Reached skill level 4 in Fighting
  3452 | D:4      | Reached XP level 6. HP: 46/48 MP: 6/6
  3533 | D:4      | Identified the +2 robe of Olenof {rElec rPois rC+ rN+}
  3537 | D:4      | Noticed Duvessa
  3537 | D:4      | Noticed Dowan
  3538 | D:4      | Noticed Menkaure
  3850 | D:4      | Killed Duvessa
  3856 | D:4      | Killed Dowan
  3856 | D:4      | Reached * piety under Okawaru
  3910 | D:4      | Slain by Menkaure

Illustrated notes

Levels and vault maps discovered:
D:1:      shiori_arrival_whats_in_store_for_you, layout_basic,
          hellmonk_ecumenical_altar_dog_temple, amcnicky_mini_corridor_feature,
          serial_bayou_pond_a
D:2:      layout_basic, serial_shops, shop, shop, uniq_crazy_yiuf_cottage
D:3:      layout_basic, okawaru_gym_becter,
          grunt_temple_overflow_growth_and_decay, gammafunk_ghost_split,
          minmay_bisected, uniq_terence
D:4:      layout_rooms, chequers_temple_overflow_statue_of_worship,
          uniq_menkaure, uniq_duvessa, uniq_robin

Skill      XL: |  1  2  3  4  5 |
---------------+----------------+-----
Axes           | 2 3 |  3.2
Armour         | 3 |  3.8
Dodging        | 1 2 |  2.4
Shields        | 3 |  3.8
Fighting       | 4 |  4.2

Action                   |  1- 3 |  4- 6 || total
-------------------------+-------+-------++-------
Melee: War axe           |   107 |   113 ||   220
  Use: Scroll            |     2 |     8 ||    10
       Potion            |       |     3 ||     3
Armor: Scale mail        |    34 |    58 ||    92
Dodge: Dodged            |    51 |    86 ||   137
Block: Buckler           |    21 |    42 ||    63
